 Dungeon Crawl Stone Soup version 0.25-a0-425-g0e000e855e (webtiles) character file.

Game seed: 1767258322381141747, levelgen mode: deterministic

1425 OlSheep the Firebug (level 8, -6/48 HPs)
             Began as an Octopode Fire Elementalist on Jan 23, 2020.
             Mangled by a troll (17 damage)
             ... on level 6 of the Dungeon on Jan 24, 2020.
             The game lasted 00:48:00 (7908 turns).

OlSheep the Firebug (Octopode Fire Elementalist)    Turns: 7908, Time: 00:48:00

Health: -6/48      AC:  1    Str:  8    XL:     8   Next: 72%
Magic:  16/16      EV: 14    Int: 19    God:
Gold:   314        SH:  0    Dex: 12    Spells: 14/18 levels left

rFire    . . .     SeeInvis +   k - +0 dagger (venom)
rCold    . . .     Gourm    .   (no shield)
rNeg     . . .     Faith    .   (helmet restricted)
rPois    .         Spirit   .   (no amulet)
rElec    .         Reflect  .   g - ring of see invisible
rCorr    .         Harm     .   (no ring)
MR       .....                  (no ring)
Stlth    +++.......             (no ring)
HPRegen  0.16/turn              (no ring)
MPRegen  0.15/turn              (no ring)
                                (no ring)
                                (no ring)

@: about to teleport
A: almost no armour, stealthy swim, amphibious, 8 rings, constrict 8, camouflage
1, gelatinous body 1
a: no special abilities


You were on level 6 of the Dungeon.
You were not hungry.

You visited 2 branches of the dungeon, and saw 7 of its levels.

You collected 314 gold pieces.

Inventory:

Hand Weapons
 j - a +0 whip
 k - a +0 dagger of venom (weapon)
 s - a +0 hunting sling
Missiles
 a - 281 stones
 m - 22 poisoned darts (quivered)
Armour
 y - a +0 shield
Jewellery
 g - a ring of see invisible (left tentacle)
 x - an uncursed ring of fire
Wands
 i - a wand of digging (6)
 l - a wand of random effects (25)
 o - a wand of acid (9)
Scrolls
 c - 6 scrolls of identify
 f - 2 scrolls of teleportation
 r - a scroll of blinking {unknown}
 t - a scroll of fog {unknown}
 u - 3 scrolls of remove curse {unknown}
Potions
 d - a potion of berserk rage
 e - a potion of brilliance
 h - a potion of degeneration {unknown}
 n - 2 potions of flight
 p - 4 potions of curing
 q - 2 potions of invisibility
 v - a potion of lignification
 w - a potion of ambrosia
 z - a potion of mutation {unknown}
 A - a potion of heal wounds
Comestibles
 b - 6 rations


   Skills:
 - Level 1.0 Fighting
 - Level 1.1 Short Blades
 - Level 1.0 Throwing
 + Level 2.8 Dodging
 - Level 4.0 Stealth
 + Level 5.8 Spellcasting
 + Level 5.0 Conjurations
 + Level 6.5 Fire Magic


You had 14 spell levels left.
You knew the following spells:

 Your Spells              Type           Power        Failure   Level  Hunger
a - Foxfire               Conj/Fire      ####         1%          1    None
b - Conjure Flame         Conj/Fire      ####....     3%          3    ##.....

Your spell library contained the following spells:

 Spells                   Type           Power        Failure   Level  Hunger
 Inner Flame              Hex/Fire       ###.....     9%          3    ##.....
 Sticky Flame             Conj/Fire      ####....     11%         4    ####...
 Fireball                 Conj/Fire      ####......   30%         5    #####..


Dungeon Overview and Level Annotations

Branches:
Dungeon (6/15)             Temple (1/1) D:5

Altars:
Ashenzari
Cheibriados
Dithmenos
Elyvilon
Fedhas
Gozag
Hepliaklqana
Kikubaaqudgha
Makhleb
Okawaru
Qazlal
Ru
Sif Muna
Trog
Uskayaw
Xom
Yredelemnul
Zin
The Shining One

Shops:
D:4 }**:?

Annotations:
D:3 exclusion: orc wizard
D:5 exclusion: wyvern, Menkaure
D:6 3 runed translucent doors, exclusion: door, anet's ghost, novice DEWz


Innate Abilities, Weirdness & Mutations

You cannot wear most types of armour.
You are very stealthy in the water. (Stealth+)
You are amphibious.
You can wear up to eight rings at the same time.
You can use your tentacles to constrict eight enemies at once.
Your skin changes colour to match your surroundings (Stealth+).
Your rubbery body absorbs attacks. (AC +1, EV +1)


Message History

You throw a poisoned dart.
The poisoned dart closely misses the troll.
Throwing (i - inventory. (/) - cycle)
m - 24 poisoned darts (quivered)
Press: ? - help, Shift-Dir - straight line, f/p - troll
Aim: a troll (poisoned)
You throw a poisoned dart. The poisoned dart hits the troll.
The troll looks even sicker.
Throwing (i - inventory. (/) - cycle)
m - 23 poisoned darts (quivered)
Press: ? - help, Shift-Dir - straight line, f/p - troll
Aim: a troll (lightly wounded, very poisoned)
You throw a poisoned dart.
The poisoned dart closely misses the troll.
The troll looks more healthy.
The troll barely misses you. The troll claws you! The troll closely misses you.
As you read the scroll of teleportation, it crumbles to dust.
You feel strangely unstable. The troll bites you! The troll claws you!
* * * LOW HITPOINT WARNING * * *
The troll misses you. The troll bites you!
You die...

#.#.#.....................# .#
#.._......................# Y#
###.#.....................# ..
........................... #.
####.........<.............# ..
.....)...................... .#
###...................)...#
.########.......................#
.#.............T@...............#
..).............................#
.)..............................#
................................#
..†..............................
.)#######........................
..#######........................
........#........................
........#.......................#


You could see a troll.

Vanquished Creatures
  3 ice beasts
  2 orc warriors
  2 phantoms
  A water moccasin skeleton (D:4)
  2 scorpions
  2 centaur zombies (D:6)
  An orc priest (D:5)
  An orc wizard (D:6)
  A bullfrog skeleton (D:4)
  A hound (D:4)
  3 jellies
  5 worker ants
  Terence (D:2)
  Robin (D:3)
  12 adders
  2 oozes
  2 adder skeletons
  A worm (D:3)
  3 leopard geckos
  9 orcs
  4 giant cockroaches
  16 goblins
  6 hobgoblins
  8 jackals
  2 ball pythons (D:4)
  2 bats
  7 frilled lizards
  6 kobolds
  A leopard gecko skeleton (D:6)
  2 quokka skeletons (D:4)
  A quokka zombie (D:6)
  9 rats
119 creatures vanquished.

Vanquished Creatures (others)
  433 foxfires
433 creatures vanquished.

Grand Total: 552 creatures vanquished

Notes
Turn   | Place    | Note
-------+----------+-------------------------------------------
     0 | D:1      | OlSheep the Octopode Fire Elementalist began the quest for
                  | the Orb.
     0 | D:1      | Reached XP level 1. HP: 11/11 MP: 3/3
     3 | D:1      | Noticed an electric eel
     4 | D:1      | Noticed an electric eel
   181 | D:1      | Reached XP level 2. HP: 17/17 MP: 1/5
   625 | D:1      | Reached XP level 3. HP: 19/21 MP: 1/6
  1065 | D:2      | Reached skill level 4 in Fire Magic
  1090 | D:2      | Noticed Terence
  1216 | D:2      | Found an iron altar of Okawaru.
  1894 | D:2      | Killed Terence
  1894 | D:2      | Reached XP level 4. HP: 4/27 MP: 1/7
  2196 | D:3      | Found a shimmering blue altar of Sif Muna.
  2210 | D:3      | Learned a level 3 spell: Conjure Flame
  3315 | D:3      | Reached XP level 5. HP: 30/31 MP: 3/9
  3515 | D:3      | Noticed Robin
  3552 | D:3      | Killed Robin
  4162 | D:4      | Found Readat's General Store.
  4162 | D:4      | Noticed a phantom
  4232 | D:4      | Found a white marble altar of Elyvilon.
  4238 | D:4      | Upgraded the game from 0.25-a0-424-g80bd347ae0 to
                  | 0.25-a0-425-g0e000e855e
  4292 | D:4      | Reached skill level 1 in Fighting
  4298 | D:4      | Reached skill level 1 in Short Blades
  4298 | D:4      | Reached XP level 6. HP: 31/38 MP: 7/10
  4439 | D:3      | Killed a phantom
  4500 | D:4      | Reached skill level 5 in Fire Magic
  4745 | D:4      | Found Vusyinag's Magic Scroll Shop.
  4757 | D:4      | Found Eceixkel's Book Shop.
  4966 | D:4      | Found Ipol's Assorted Antiques.
  4974 | D:4      | Reached XP level 7. HP: 42/43 MP: 7/12
  4988 | D:4      | Found a bloodstained altar of Trog.
  5108 | D:4      | Found Tituc's Gadget Emporium.
  5589 | D:5      | Entered Level 5 of the Dungeon
  5730 | D:5      | Found a staircase to the Ecumenical Temple.
  5782 | Temple   | Entered the Ecumenical Temple
  6082 | D:5      | Noticed a wyvern
  6240 | D:5      | Reached skill level 1 in Throwing
  6555 | D:5      | Noticed Menkaure
  6949 | D:5      | Reached XP level 8. HP: 8/48 MP: 6/15
  7235 | D:6      | HP: 1/48 [orc warrior/cursed +0 short sword (14)]
  7272 | D:6      | Reached skill level 5 in Spellcasting
  7451 | D:6      | Reached skill level 6 in Fire Magic
  7533 | D:6      | Found a sacrificial altar of Ru.
  7845 | D:6      | Found a runed translucent gate.
  7846 | D:6      | Found a runed translucent gate.
  7846 | D:6      | Found a runed translucent gate.
  7846 | D:6      | Found an opulent altar of Gozag.
  7847 | D:6      | Noticed a catoblepas
  7847 | D:6      | Noticed anet's ghost (novice DEWz)
  7865 | D:6      | Noticed a troll
  7878 | D:6      | Reached skill level 5 in Conjurations
  7908 | D:6      | Mangled by a troll

Levels and vault maps discovered:
D:1:      arrival_aquarium_b, layout_basic, minmay_pentomino_u2
D:2:      layout_basic, lemuel_doored_altar, uniq_terence
D:3:      cheibrodos_old_hovel, layout_loops_corners, led_sif_book, uniq_robin
D:4:      layout_loops_ring, kennysheep_mini_moat,
          nicolae_overflow_crystal_walls, serial_shops,
          nicolae_shop_competitors_out_of_business, kennysheep_little_box, shop,
          shop_fountains, nicolae_shop_crystal, minmay_distorted
D:5:      layout_loops_ring, minmay_temple_entry_tees, first_ration,
          minivault_4, uniq_menkaure
D:6:      minmay_opposing_rooms, layout_basic, lemuel_crystal_altar,
          ebering_ghost_gozag, guppyfry_shop_venom, uniq_duvessa
Temple:   nicolae_temple_figure_eight

Skill      XL: |  1  2  3  4  5  6  7  8 |
---------------+-------------------------+-----
Fire Magic     | 4 5 6 |  6.5
Stealth        | 3 4 |  4.0
Conjurations   | 2 3 4 5 |  5.0
Spellcasting   | 3 4 5 |  5.8
Fighting       | 1 |  1.0
Short Blades   | 1 |  1.1
Throwing       | 1 |  1.0
Dodging        | |  2.8

Action                   |  1- 3 |  4- 6 |  7- 9 || total
-------------------------+-------+-------+-------++-------
Melee: Unarmed           |     4 |       |       ||     4
       Constrict         |     1 |    17 |     7 ||    25
       Dagger            |       |    45 |    24 ||    69
       Tentacles         |       |     6 |     7 ||    13
Throw: Stone             |     1 |       |       ||     1
       Dart              |     5 |     6 |    29 ||    40
 Cast: Foxfire           |    56 |    92 |   124 ||   272
       Conjure Flame     |       |     3 |     8 ||    11
  Use: Scroll            |       |     7 |     5 ||    12
       Potion            |       |       |     1 ||     1
 Stab: Sleeping          |       |     1 |       ||     1
  Eat: Chunk             |     3 |     5 |     8 ||    16
       Ration            |       |     2 |       ||     2
Armor: Skin              |       |    12 |     3 ||    15
Dodge: Dodged            |     6 |    64 |    42 ||   112

Table legend:
 A = Non-vault XP
 B = Vault XP
 C = Vault XP percentage of total XP
 D = Non-vault monster count
 E = Vault monster count
 F = Vault count percentage of total count
                 A         B        C        D         E       F
            +---------+---------+-------+---------+---------+-------
      Total |    1942 |      95 |   4.7 |     103 |      16 |  13.4
            +---------+---------+-------+---------+---------+-------
        D:1 |      35 |       2 |   5.4 |      17 |       2 |  10.5
        D:2 |      33 |      32 |  49.2 |      15 |       1 |   6.2
        D:3 |     225 |      35 |  13.5 |      20 |      11 |  35.5
        D:4 |     369 |      26 |   6.6 |      16 |       2 |  11.1
        D:5 |     479 |       0 |   0.0 |      12 |       0 |   0.0
        D:6 |     801 |       0 |   0.0 |      23 |       0 |   0.0
            +---------+---------+-------+---------+---------+-------
